 Dungeon Crawl Stone Soup version 0.28-a0-1510-gd0f6b136d3 (webtiles) character file.

Game seed: 13686329930811875399

3421 Armakuni the Summoner (level 10, -5/73 HPs)
             Began as a Human Summoner on Jan 14, 2022.
             Was an Initiate of the Shining One.
             Slain by a two-headed ogre (12 damage)
             ... on level 8 of the Dungeon on Jan 15, 2022.
             The game lasted 00:27:42 (10346 turns).

Armakuni the Summoner (Human Summoner)             Turns: 10346, Time: 00:27:42

Health: -5/73      AC:  6    Str: 13    XL:     10   Next: 25%
Magic:  3/16       EV: 16    Int: 16    God:    the Shining One [......]
Gold:   393        SH:  0    Dex:  9    Spells: 9/17 levels left

rFire   . . .      SeeInvis .   a - +7 long sword of Compound Interest {vorpal, +Blink rElec Dex-4}
rCold   . . .      Faith    .   (no shield)
rNeg    + . .      Spirit   .   f - +0 robe
rPois   .          Reflect  .   c - +1 helmet
rElec   +          Harm     .   (no cloak)
rCorr   .          Rampage  .   n - +1 pair of gloves
Will    .....                   (no boots)
Stlth   +.........              (no amulet)
HPRegen 0.22/turn               E - +4 ring of evasion
MPRegen 0.15/turn               N - ring of positive energy

@: glowing
A: no striking features
a: Renounce Religion, Evoke Blink


You were on level 8 of the Dungeon.
You worshipped the Shining One.
The Shining One was noncommittal.
You visited 2 branches of the dungeon, and saw 9 of its levels.

You collected 393 gold pieces.

Inventory:

Hand Weapons
 a - the +7 long sword of Compound Interest (weapon) {vorpal, +Blink rElec Dex-4}
   (You found it on level 2 of the Dungeon)

   It inflicts extra damage upon your enemies.
   Dex:       It affects your dexterity (-4).
   rElec:     It insulates you from electricity.
   +Blink:    It lets you blink.
 q - a +0 quarterstaff
 t - a +0 longbow
Missiles
 m - a throwing net
Armour
 c - a +1 helmet (worn)
 e - a +0 ring mail
 f - a +0 robe (worn)
 l - a +0 plate armour of willpower
 n - a +1 pair of gloves (worn)
Magical Staves
 g - a staff of fire
 h - a staff of air
Jewellery
 E - a +4 ring of evasion (left hand)
 G - an amulet of guardian spirit
 K - a ring of resist corrosion
 N - a ring of positive energy (right hand)
 U - an amulet of faith
 W - a ring of wizardry
Wands
 p - a wand of polymorph (7)
 v - a wand of paralysis (9)
 x - a wand of charming (3)
Scrolls
 d - 2 scrolls of immolation
 i - 2 scrolls of fog
 j - 2 scrolls of magic mapping
 o - a scroll of vulnerability
 y - a scroll of teleportation
Potions
 b - 3 potions of heal wounds
 k - a potion of flight {unknown}
 r - 2 potions of curing
 s - a potion of magic {unknown}
 u - a potion of might {unknown}
 w - 2 potions of resistance {unknown}


   Skills:
 + Level 4.4 Fighting
 - Level 5.0 Long Blades
 - Level 2.0 Staves
 + Level 3.2 Armour
 + Level 4.0 Dodging
 - Level 2.0 Stealth
 - Level 4.0 Spellcasting
 - Level 10.0 Summonings
 - Level 4.0 Air Magic


You had 9 spell levels left.
You knew the following spells:

 Your Spells              Type           Power      Damage    Failure   Level
a - Summon Small Mammal   Summ           100%       N/A       1%          1
c - Call Canine Familiar  Summ           35%        N/A       1%          3
l - Summon Lightning Spi  Summ/Air       25%        N/A       10%         4

Your spell library contained the following spells:

 Spells                   Type           Power      Damage    Failure   Level
 Call Imp                 Summ           35%        N/A       1%          2
 Summon Guardian Golem    Hex/Summ       19%        N/A       6%          3
 Static Discharge         Conj/Air       9%         N/A       11%         2
 Apportation              Tloc           6%         N/A       17%         1
 Sandblast                Erth           6%         2d5       17%         1
 Passwall                 Tmut/Erth      2%         N/A       26%         2
 Gell's Gravitas          Tloc           3%         N/A       45%         3
 Inner Flame              Hex/Fire       3%         N/A       45%         3
 Ozocubu's Armour         Ice            3%         N/A       45%         3
 Stone Arrow              Conj/Erth      6%         3d7       45%         3
 Teleport Other           Tloc           3%         N/A       45%         3
 Tukima's Dance           Hex            3%         N/A       45%         3
 Anguish                  Hex/Necr       1%         N/A       86%         4
 Cause Fear               Hex            1%         N/A       86%         4
 Lightning Bolt           Conj/Air       4%         1d16      90%         5
 Alistair's Intoxication  Tmut/Pois      2%         N/A       99%         5
 Dispersal                Tloc           1%         N/A       100%        6
 Enfeeble                 Hex            1%         N/A       100%        7
 Ozocubu's Refrigeration  Ice            1%         4d5       100%        7
 Discord                  Hex            1%         N/A       100%        8
 Maxwell's Capacitive Co  Air            8%         ∞         100%        8


Dungeon Overview and Level Annotations

Branches:
Dungeon (8/15)             Temple (1/1) D:6
   Lair: D:8-11

Altars:
Ashenzari
Cheibriados
Dithmenos
Elyvilon
Fedhas
Gozag
Hepliaklqana
Kikubaaqudgha
Makhleb
Nemelex Xobeh
Okawaru
Qazlal
Ru
Sif Muna
Trog
Uskayaw
Vehumet
Wu Jian
Xom
Yredelemnul
Zin
The Shining One


Message History

The yak misses you.
You see here a yak corpse.
Your lightning spire shoots out a bolt of lightning at the yak!
The bolt of electricity hits the yak! x2
Aiming: Paralyse
Press: ? - help, Shift-Dir - straight line, f - yak
Aim: a yak (heavily wounded, ally target, haloed, chance to affect: 49%)
The yak suddenly stops moving!
Your lightning spire shoots out a bolt of lightning at the yak!
The bolt of electricity hits the yak!
The bolt of electricity hits the yak.
Aiming: Paralyse
Press: ? - help, Shift-Dir - straight line, f - two-headed ogre, p - yak
Aim: a two-headed ogre, wielding two +0 giant clubs (haloed, chance to affect: 31%)
The two-headed ogre easily resists.
Your lightning spire shoots out a bolt of lightning at the yak!
The bolt of electricity hits the two-headed ogre.
The bolt of electricity hits the yak!
The yak dies!
The bolt of electricity hits the two-headed ogre!
The two-headed ogre misses you.
The two-headed ogre hits you with a +0 giant club!!
* * * LOW HITPOINT WARNING * * *
Your Dodging skill increases to level 4!
Aiming: Paralyse
Press: ? - help, Shift-Dir - straight line, f/p - two-headed ogre
Aim: a two-headed ogre, wielding two +0 giant clubs (moderately wounded, haloed, chance to affect: 31%)
The two-headed ogre easily resists.
Aiming: Paralyse
Press: ? - help, Shift-Dir - straight line, f/p - two-headed ogre
Aim: a two-headed ogre, wielding two +0 giant clubs (moderately wounded, ally target, haloed, chance to affect: 31%)
The two-headed ogre easily resists.
The two-headed ogre barely misses you. x2
Your lightning spire shoots out a bolt of lightning at the two-headed ogre!
The bolt of electricity hits the two-headed ogre!
The bolt of electricity hits the two-headed ogre.
Aiming: Paralyse
Press: ? - help, Shift-Dir - straight line, f/p - two-headed ogre
Aim: a two-headed ogre, wielding two +0 giant clubs (heavily wounded, ally target, haloed, chance to affect: 31%)
The two-headed ogre easily resists.
The two-headed ogre hits you with a +0 giant club!
You die...

#.# #.........
#.# #........
#.# #.........
#.# #.........
#.# #.........
#8# #.8.......
#.# #.........
##O###....(.##.
#@†..†.........
#######....###
#........
#.....###
#........
#......(#
#.......#
#.......#
#####...#


You could see a two-headed ogre (ally target) and a friendly lightning spire
(summoned).

Vanquished Creatures
  A wyvern (D:5)
  3 yaks (D:8)
  A water moccasin (D:7)
  An orc warrior (D:4)
  A sky beast (D:6)
  An ice beast (D:5)
  A black bear (D:7)
  2 ogres (D:6)
  A centaur (D:7)
  2 scorpions
  2 water moccasin skeletons
  A wight (D:7)
  A centaur zombie (D:8)
  2 hounds
  2 gnoll shamans (D:5)
  2 jellies
  A centaur skeleton (D:5)
  2 bullfrog skeletons (D:5)
  2 iguanas
  Terence (D:3)
  3 orc wizards
  A hound skeleton (D:5)
  3 gnolls
  4 adders
  A white imp (D:6)
  An ufetubus (D:7)
  3 dart slugs
  11 orcs
  An endoplasm (D:3)
  2 giant cockroaches (D:2)
  4 goblins
  2 hobgoblins
  2 jackals
  2 kobolds (D:2)
  2 quokkas
  3 ball pythons
  3 bats
  3 frilled lizards
  4 rats
85 creatures vanquished.

Vanquished Creatures (collateral kills)
  Prince Ribbit (D:6)
  A yak (D:8)
  A wyvern (D:7)
  A sky beast (D:7)
  An ice beast (D:7)
  A necrophage (D:6)
  A phantom (D:7)
  A bullfrog (D:6)
  A water moccasin skeleton (D:5)
  4 wights (D:7)
  A bullfrog skeleton (D:6)
  2 hounds
  An iguana (D:5)
  A centaur skeleton (D:6)
  An orc wizard (D:3)
  An adder (D:3)
  A gnoll (D:5)
  An adder skeleton (D:4)
  A worm (D:2)
  2 orcs (D:3)
  An endoplasm (D:2)
  2 goblins
  A hobgoblin (D:3)
  A jackal (D:1)
  A quokka (D:1)
  2 ball pythons
  2 bats
  A frilled lizard (D:1)
36 creatures vanquished.

Grand Total: 121 creatures vanquished

Notes
Turn   | Place    | Note
-------+----------+-------------------------------------------
     0 | D:1      | Armakuni the Human Summoner began the quest for the Orb.
     0 | D:1      | Reached XP level 1. HP: 13/13 MP: 3/3
   413 | D:1      | Reached skill level 1 in Fighting
   571 | D:1      | Reached XP level 2. HP: 21/21 MP: 5/5
  1298 | D:1      | HP: 1/21 [jackal (1)]
  2249 | D:2      | Reached XP level 3. HP: 20/26 MP: 6/6
  2318 | D:2      | Learned a level 3 spell: Call Canine Familiar
  2480 | D:2      | Found a radiant altar of Vehumet.
  2684 | D:2      | Identified the +7 long sword of Compound Interest {vorpal,
                  | +Blink rElec Dex-4}
  3127 | D:3      | Found a faded altar of an unknown god.
  3288 | D:3      | Reached skill level 1 in Long Blades
  3288 | D:3      | Reached XP level 4. HP: 26/33 MP: 3/7
  3445 | D:3      | Reached XP level 5. HP: 33/38 MP: 4/8
  3483 | D:3      | Learned a level 4 spell: Summon Lightning Spire
  3996 | D:3      | Noticed Terence
  4004 | D:3      | Killed Terence
  4005 | D:3      | Reached skill level 5 in Summonings
  4385 | D:4      | Reached XP level 6. HP: 40/44 MP: 5/9
  4989 | D:5      | Entered Level 5 of the Dungeon
  5174 | D:5      | Noticed an orc warrior
  5174 | D:5      | Noticed an ice beast
  5341 | D:5      | Reached skill level 6 in Summonings
  5374 | D:5      | Reached XP level 7. HP: 46/50 MP: 10/10
  5838 | D:5      | Noticed a wyvern
  6143 | D:5      | Killed a wyvern
  6144 | D:5      | Reached skill level 5 in Long Blades
  6144 | D:5      | Reached skill level 7 in Summonings
  6144 | D:5      | Reached XP level 8. HP: 23/56 MP: 9/11
  6964 | D:5      | Reached skill level 8 in Summonings
  7441 | D:6      | Reached skill level 9 in Summonings
  7555 | D:6      | Noticed Prince Ribbit
  7729 | D:6      | Reached XP level 9. HP: 57/61 MP: 12/12
  7806 | D:6      | Killed Prince Ribbit
  7807 | D:6      | Reached skill level 10 in Summonings
  7807 | D:6      | Reached skill level 1 in Staves
  7899 | D:6      | Reached skill level 1 in Air Magic
  8066 | D:6      | Found a staircase to the Ecumenical Temple.
  8075 | Temple   | Entered the Ecumenical Temple
  8191 | Temple   | Became a worshipper of the Shining One
  9049 | D:7      | Found a sparkling altar of Nemelex Xobeh.
  9154 | D:7      | Reached skill level 1 in Armour
  9924 | D:7      | Reached XP level 10. HP: 63/70 MP: 12/16
 10326 | D:8      | Noticed a two-headed ogre
 10346 | D:8      | Slain by a two-headed ogre

Illustrated notes

Levels and vault maps discovered:
D:1:      dpeg_arrival_renting, layout_loops_ring, minmay_tree_intersection
D:2:      layout_loops_corners, basic_altar
D:3:      layout_loops_corners, nicolae_ecumenical_pavilion,
          minmay_crystal_water, uniq_terence
D:4:      layout_rooms, serial_corexii_hall, corexii_hall_statues_l,
          chequers_hall_statues_wall_a, chequers_hall_statues_y,
          kennysheep_generic_room_12
D:5:      minmay_diamond_boxcup, layout_rooms, nicolae_figureground_pulse
D:6:      layout_loops_ring, minmay_temple_entry_poolview, uniq_prince_ribbit1
D:7:      layout_layer_cave, nemelex_spade_bored_becter
D:8:      layout_basic, minmay_misc_feat_nine_boxes
Temple:   kilobyte_greek_temple

Skill      XL: |  1  2  3  4  5  6  7  8  9 10 |
---------------+-------------------------------+-----
Fighting       | 1 2 3 4 |  4.4
Long Blades    | 1 2 3 4 5 |  5.0
Summonings     | 5 6 7 9 10 | 10.0
Staves         | 2 |  2.0
Air Magic      | 4 |  4.0
Spellcasting   | 4 |  4.0
Armour         | 1 3 |  3.2
Dodging        | 4 |  4.0
Stealth        | |  2.0

Action                   |  1- 3 |  4- 6 |  7- 9 | 10-12 || total
-------------------------+-------+-------+-------+-------++-------
Melee: Short sword       |    20 |       |       |       ||    20
       Long sword        |    18 |    53 |   172 |    18 ||   261
       Punch             |       |     1 |     1 |       ||     2
 Fire: Hunting sling     |    77 |       |       |       ||    77
 Cast: Summon Small Mamm |    24 |       |       |       ||    24
       Call Canine Famil |     2 |     6 |    29 |     3 ||    40
       Summon Lightning  |       |       |     3 |     3 ||     6
Evoke: Wand              |       |       |       |     5 ||     5
  Use: Scroll            |     4 |     3 |     1 |       ||     8
       Potion            |     1 |       |     1 |       ||     2
 Stab: Sleeping          |     1 |     4 |     1 |       ||     6
       Distracted        |     1 |       |     1 |       ||     2
Armor: Robe              |    46 |    19 |    49 |     6 ||   120
Dodge: Dodged            |    96 |    47 |   146 |    21 ||   310

Table legend: (Time is in decaauts)
 A = Elapsed time spent in this place.
 B = Non-inter-level travel time spent in this place.
 C = Inter-level travel time spent in this place.
 D = Time resting spent in this place.
 E = Time spent auto-exploring this place.
 F = Levels seen in this place.
 G = Mean time per level.
                   A        B        C        D        E       F      G
               +--------+--------+--------+--------+--------+-----+--------+
         Total |  10419 |  10155 |    264 |   2717 |   5334 |   9 | 1157.7 |
       Dungeon |  10258 |  10001 |    257 |   2717 |   5192 |   8 | 1282.2 |
        Temple |    160 |    153 |      7 |      0 |    142 |   1 |  160.0 |
               +--------+--------+--------+--------+--------+-----+--------+

Top non-repeatable levels by time:
     D:7: 1745 daAuts
     D:2: 1698 daAuts
     D:5: 1598 daAuts
     D:1: 1449 daAuts
     D:4: 1312 daAuts
     D:3: 1210 daAuts
     D:6: 1150 daAuts
  Temple: 160 daAuts
     D:8: 93 daAuts
